BR (22 & UNDER)
RANCHO CUCAMONGA SICK MONKEYS @ PUEBLO PRAIRIE DOGS
08/25/2028
 
TOP OF THE 1ST
Rancho Cucamonga Sick Monkeys batting - Pitching for Pueblo Prairie Dogs : RHP Raúl Vallejo
Pitching: RHP Raúl Vallejo
Batting: LHB Ed Ballard 0-0: Ground out 4-3 (Groundball, 34)
Batting: LHB José Esparza 0-0: Ball
1-0: Foul Ball, location: 2F
1-1: Called Strike
1-2: Ball
2-2: Foul Ball, location: 2F
2-2: Ball
3-2: Base on Balls
Batting: LHB Carl Hayden 0-0: Ball
1-0: Ball
2-0: Called Strike
2-1: Ball
3-1: SINGLE (Line Drive, 7S)
José Esparza to second
Batting: LHB Oliver Cruz 0-0: Ball
Carl Hayden steals 2nd base
José Esparza to third
1-0: Ball
2-0: Foul Ball, location: 2F
2-1: SINGLE (Flyball, 78S)
José Esparza scores
Carl Hayden to third
Runner from 3rd tries for Home, SAFE, throw made home
Oliver Cruz to second
Batting: LHB Paul Holcomb 0-0: Foul Ball, location: 2F
0-1: Called Strike
0-2: Ball
1-2: Strikes out swinging
Batting: RHB Arlen Jones 0-0: Ball
1-0: Called Strike
1-1: Called Strike
1-2: Ball
2-2: Ground out 5-3 (Groundball, 56S)
Top of the 1st over - 2 run(s), 2 hit(s), 0 error(s), 1 left on base; Rancho Cucamonga 2 - Pueblo 0
BOTTOM OF THE 1ST
Pueblo Prairie Dogs batting - Pitching for Rancho Cucamonga Sick Monkeys : RHP Héctor Fabián
Pitching: RHP Héctor Fabián
Batting: RHB Steve Murphy 0-0: Ball
1-0: Fly out, F4 (Line Drive, 4M)
Batting: RHB Dan Crowder 0-0: Ball
1-0: Ground out 5-3 (Groundball, 56S)
Batting: SHB Pancho Morán 0-0: Ball
1-0: Called Strike
1-1: Foul Ball, location: 2F
1-2: Ball
2-2: Fly out, F4 (Popup, 4S)
Bottom of the 1st over - 0 run(s), 0 hit(s), 0 error(s), 0 left on base; Rancho Cucamonga 2 - Pueblo 0
TOP OF THE 2ND
Rancho Cucamonga Sick Monkeys batting - Pitching for Pueblo Prairie Dogs : RHP Raúl Vallejo
Batting: LHB Jesús Miranda 0-0: Called Strike
0-1: Ground out 4-3 (Groundball, 4)
Batting: RHB Lyle Jackson 0-0: Foul Ball, location: 2F
0-1: Foul Ball, location: 2F
0-2: Ball
1-2: SINGLE (Line Drive, 56)
Batting: SHB Jorge Maldonado 0-0: Called Strike
0-1: Called Strike
0-2: Strikes out swinging
Batting: LHB Ed Ballard 0-0: Ball
1-0: Foul Ball, location: 2F
1-1: Fielders Choice at 2nd, 4-6 (Groundball, 34D)
Top of the 2nd over - 0 run(s), 1 hit(s), 0 error(s), 0 left on base; Rancho Cucamonga 2 - Pueblo 0
BOTTOM OF THE 2ND
Pueblo Prairie Dogs batting - Pitching for Rancho Cucamonga Sick Monkeys : RHP Héctor Fabián
Batting: RHB José Zumaya 0-0: Called Strike
0-1: Foul Ball, location: 2F
0-2: Strikes out looking
Batting: RHB Clancy Castro 0-0: Ball
1-0: Ball
2-0: Ball
3-0: Called Strike
3-1: Called Strike
3-2: Strikes out swinging
Batting: RHB Manny Herrera 0-0: Called Strike
0-1: Ball
1-1: Ball
2-1: Ball
3-1: Foul Ball, location: 2F
3-2: Foul Ball, location: 2F
3-2: Fly out, F9 (Flyball, 9)
Bottom of the 2nd over - 0 run(s), 0 hit(s), 0 error(s), 0 left on base; Rancho Cucamonga 2 - Pueblo 0
TOP OF THE 3RD
Rancho Cucamonga Sick Monkeys batting - Pitching for Pueblo Prairie Dogs : RHP Raúl Vallejo
Batting: LHB José Esparza 0-0: Foul Ball, location: 2F
0-1: Ball
1-1: Called Strike
1-2: Ball
2-2: Foul Ball, location: 2F
2-2: Ground out 1-3 (Groundball, P)
Batting: LHB Carl Hayden 0-0: Ball
1-0: Called Strike
1-1: Called Strike
1-2: SINGLE (Line Drive, 6)
Batting: LHB Oliver Cruz 0-0: Swinging Strike
0-1: Ground out 3-1 (Groundball, 34S)
Carl Hayden to second
Batting: LHB Paul Holcomb 0-0: Foul Ball, location: 2F
0-1: Called Strike
0-2: Ball
1-2: Ball
2-2: Foul Ball, location: 2F
2-2: Ball
3-2: Foul Ball, location: 2F
3-2: Foul Ball, location: 2F
3-2: Foul Ball, location: 2F
3-2: 2-RUN HOME RUN (Flyball, 89XD), Distance : 418 ft
Batting: RHB Arlen Jones 0-0: Ball
1-0: Called Strike
1-1: Ball
2-1: Swinging Strike
2-2: Fly out, F9 (Flyball, 9S)
Top of the 3rd over - 2 run(s), 2 hit(s), 0 error(s), 0 left on base; Rancho Cucamonga 4 - Pueblo 0
BOTTOM OF THE 3RD
Pueblo Prairie Dogs batting - Pitching for Rancho Cucamonga Sick Monkeys : RHP Héctor Fabián
Batting: RHB Danny Boykins 0-0: Ball
1-0: Called Strike
1-1: Swinging Strike
1-2: Fly out, F7 (Flyball, 7)
Batting: RHB Eric Barthorpe 0-0: Ball
1-0: Foul Ball, location: 2F
1-1: Called Strike
1-2: Foul Ball, location: 2F
1-2: Ball
2-2: Strikes out swinging
Batting: LHB Peter Rodgers 0-0: Ball
1-0: Called Strike
1-1: Ball
2-1: Ball
3-1: Called Strike
3-2: Fly out, F5 (Popup, 5S)
Bottom of the 3rd over - 0 run(s), 0 hit(s), 0 error(s), 0 left on base; Rancho Cucamonga 4 - Pueblo 0
TOP OF THE 4TH
Rancho Cucamonga Sick Monkeys batting - Pitching for Pueblo Prairie Dogs : RHP Raúl Vallejo
Batting: LHB Jesús Miranda 0-0: SINGLE (Flyball, 7S)
Batting: RHB Lyle Jackson 0-0: Called Strike
0-1: Called Strike
0-2: Ball
1-2: SINGLE (Line Drive, 4M)
Jesús Miranda to second
Jesús Miranda to third
Batting: SHB Jorge Maldonado 0-0: SINGLE (Groundball, 6MD)
Jesús Miranda scores
Lyle Jackson to second
Batting: LHB Ed Ballard 0-0: SINGLE (Line Drive, 89S)
Lyle Jackson to third
Jorge Maldonado to second
Batting: LHB José Esparza 0-0: Foul Ball, location: 2F
0-1: Called Strike
0-2: Foul Ball, location: 2F
0-2: Ground out 4-3 (Groundball, 34D)
Lyle Jackson scores
Jorge Maldonado to third
Ed Ballard to second
Pitching: RHP Dante Piccoli
Batting: LHB Carl Hayden 0-0: Ball
1-0: Ball
2-0: Called Strike
2-1: Foul Ball, location: 2F
2-2: Ball
3-2: Ground out 5-3 (Groundball, 56)
Jorge Maldonado scores
Batting: LHB Oliver Cruz 0-0: Fly out, F8 (Flyball, 78M)
Top of the 4th over - 3 run(s), 4 hit(s), 0 error(s), 1 left on base; Rancho Cucamonga 7 - Pueblo 0
BOTTOM OF THE 4TH
Pueblo Prairie Dogs batting - Pitching for Rancho Cucamonga Sick Monkeys : RHP Héctor Fabián
Batting: RHB Steve Murphy 0-0: Ball
1-0: Ball
2-0: Foul Ball, location: 2F
2-1: Called Strike
2-2: Ball
3-2: Base on Balls
Batting: RHB Dan Crowder 0-0: Called Strike
0-1: Ball
1-1: Ball
2-1: Called Strike
2-2: Fly out, F7 (Flyball, 7)
Batting: SHB Pancho Morán 0-0: Called Strike
Balk!
Steve Murphy to second
0-1: Ground out 4-3 (Groundball, 4)
Steve Murphy to third
Batting: RHB José Zumaya 0-0: Called Strike
0-1: Ball
1-1: Called Strike
1-2: Ball
2-2: SINGLE (Groundball, 34D)
Steve Murphy scores
Batting: RHB Clancy Castro 0-0: Called Strike
0-1: Ball
1-1: Foul Ball, location: 2F
1-2: Foul Ball, location: 2F
1-2: Ball
2-2: Ball
3-2: 2-RUN HOME RUN (Flyball, 7D), Distance : 418 ft
Batting: RHB Manny Herrera 0-0: SINGLE (Groundball, 25) (infield hit)
Batting: RHB Danny Boykins 0-0: Ball
1-0: Ball
2-0: Fly out, F9 (Flyball, 9LS)
Bottom of the 4th over - 3 run(s), 3 hit(s), 0 error(s), 1 left on base; Rancho Cucamonga 7 - Pueblo 3
TOP OF THE 5TH
Rancho Cucamonga Sick Monkeys batting - Pitching for Pueblo Prairie Dogs : RHP Dante Piccoli
Batting: LHB Paul Holcomb 0-0: Foul Ball, location: 2F
0-1: Foul Ball, location: 2F
0-2: Ball
1-2: Foul Ball, location: 2F
1-2: Foul Ball, location: 2F
1-2: Ball
2-2: Foul Ball, location: 2F
2-2: Ball
3-2: Ground out 4-3 (Groundball, 34D)
Batting: RHB Arlen Jones 0-0: Fly out, F9 (Flyball, 89M)
Batting: LHB Jesús Miranda 0-0: Ball
1-0: Ball
2-0: Foul Ball, location: 2F
2-1: DOUBLE (Line Drive, 8LD)
Batting: RHB Lyle Jackson 0-0: SINGLE (Groundball, 5D)
Jesús Miranda to third
Runner from 3rd tries for Home, SAFE, no throw
Batting: SHB Jorge Maldonado 0-0: Ground out 4-3 (Groundball, 34)
Top of the 5th over - 1 run(s), 2 hit(s), 0 error(s), 1 left on base; Rancho Cucamonga 8 - Pueblo 3
BOTTOM OF THE 5TH
Pueblo Prairie Dogs batting - Pitching for Rancho Cucamonga Sick Monkeys : RHP Héctor Fabián
Batting: RHB Eric Barthorpe 0-0: Ball
1-0: Called Strike
1-1: Foul Ball, location: 2F
1-2: Strikes out swinging
Batting: LHB Peter Rodgers 0-0: Ball
1-0: Swinging Strike
1-1: Fly out, F7 (Flyball, 7)
Batting: RHB Steve Murphy 0-0: Ball
1-0: Ball
2-0: Ball
3-0: Called Strike
3-1: Ground out 4-3 (Groundball, 4S)
Bottom of the 5th over - 0 run(s), 0 hit(s), 0 error(s), 0 left on base; Rancho Cucamonga 8 - Pueblo 3
TOP OF THE 6TH
Rancho Cucamonga Sick Monkeys batting - Pitching for Pueblo Prairie Dogs : RHP Dante Piccoli
Batting: LHB Ed Ballard 0-0: Ball
1-0: Ball
2-0: SINGLE (Groundball, 34D)
Batting: LHB José Esparza 0-0: Ball
1-0: Ball
2-0: Ball
3-0: Called Strike
3-1: Foul Ball, location: 2F
3-2: Fielders Choice at 2nd, 4-6 (Groundball, 4)
Batting: LHB Carl Hayden 0-0: Foul Ball, location: 2F
0-1: Foul Ball, location: 2F
0-2: Ball
1-2: DOUBLE (Flyball, 89XD)
José Esparza to third
Runner from 3rd tries for Home, SAFE, no throw
Pitching: RHP Ángel Morán
Batting: LHB Oliver Cruz 0-0: Called Strike
0-1: Ball
1-1: Fly out, F7 (Flyball, 7S)
Batting: LHB Paul Holcomb 0-0: Ball
1-0: Called Strike
1-1: Ball
2-1: Ball
3-1: Base on Balls
Batting: RHB Arlen Jones 0-0: Called Strike
0-1: Ball
1-1: Foul Ball, location: 2F
1-2: Ball
2-2: Fly out, F9 (Flyball, 9LMF)
Top of the 6th over - 1 run(s), 2 hit(s), 0 error(s), 2 left on base; Rancho Cucamonga 9 - Pueblo 3
BOTTOM OF THE 6TH
Pueblo Prairie Dogs batting - Pitching for Rancho Cucamonga Sick Monkeys : RHP Héctor Fabián
Batting: RHB Dan Crowder 0-0: Ball
1-0: Ball
2-0: Swinging Strike
2-1: Swinging Strike
2-2: Strikes out swinging
Batting: SHB Pancho Morán 0-0: Ground out 4-3 (Groundball, 4)
Batting: RHB José Zumaya 0-0: Foul Ball, location: 2F
0-1: Fly out, F9 (Flyball, 9S)
Bottom of the 6th over - 0 run(s), 0 hit(s), 0 error(s), 0 left on base; Rancho Cucamonga 9 - Pueblo 3
TOP OF THE 7TH
Rancho Cucamonga Sick Monkeys batting - Pitching for Pueblo Prairie Dogs : RHP Ángel Morán
Batting: LHB Jesús Miranda 0-0: Called Strike
0-1: SINGLE (Groundball, 34D)
Batting: RHB Lyle Jackson 0-0: Called Strike
0-1: Ball
1-1: SINGLE (Groundball, 56D)
Jesús Miranda to second
Batting: SHB Jorge Maldonado 0-0: Called Strike
0-1: Foul Ball, location: 2F
0-2: Ball
1-2: Foul Ball, location: 2F
1-2: SINGLE (Line Drive, 56D)
Jesús Miranda to third
Lyle Jackson to second
Batting: LHB Ed Ballard 0-0: Called Strike
0-1: Foul Ball, location: 2F
0-2: Ball
1-2: Ball
2-2: Ball
3-2: Strikes out swinging
Batting: LHB José Esparza 0-0: Ball
1-0: Foul Ball, location: 2F
1-1: Foul Ball, location: 2F
1-2: Fielders Choice at 2nd, 6-4 (Groundball, 6M)
Jesús Miranda scores
Lyle Jackson to third
Batting: LHB Carl Hayden 0-0: Called Strike
0-1: Called Strike
0-2: Ball
1-2: SINGLE (Groundball, 4MD)
Lyle Jackson scores
José Esparza to second
Batting: LHB Oliver Cruz 0-0: Called Strike
0-1: Ball
1-1: Ball
2-1: Foul Ball, location: 2F
2-2: Strikes out swinging
Top of the 7th over - 2 run(s), 4 hit(s), 0 error(s), 2 left on base; Rancho Cucamonga 11 - Pueblo 3
BOTTOM OF THE 7TH
Pueblo Prairie Dogs batting - Pitching for Rancho Cucamonga Sick Monkeys : RHP Héctor Fabián
Batting: RHB Clancy Castro 0-0: SOLO HOME RUN (Flyball, 78XD), Distance : 436 ft
Batting: RHB Manny Herrera 0-0: Fly out, F3 (Popup, 3L)
Batting: RHB Danny Boykins 0-0: Ball
1-0: Called Strike
1-1: Ball
2-1: Foul Ball, location: 2F
2-2: Ground out 4-3 (Groundball, 4)
Batting: RHB Eric Barthorpe 0-0: Swinging Strike
0-1: Ball
1-1: Swinging Strike
1-2: Strikes out swinging
Bottom of the 7th over - 1 run(s), 1 hit(s), 0 error(s), 0 left on base; Rancho Cucamonga 11 - Pueblo 4
TOP OF THE 8TH
Rancho Cucamonga Sick Monkeys batting - Pitching for Pueblo Prairie Dogs : RHP Ángel Morán
Batting: LHB Paul Holcomb 0-0: Ball
1-0: Foul Ball, location: 2F
1-1: Foul Ball, location: 2F
1-2: Ball
2-2: Ball
3-2: DOUBLE (Line Drive, 7LM)
Batting: RHB Arlen Jones 0-0: Called Strike
0-1: Ball
1-1: Foul Ball, location: 2F
1-2: Ball
2-2: SINGLE (Line Drive, 8RS)
Paul Holcomb to third
Batting: LHB Jesús Miranda 0-0: Called Strike
0-1: Ball
1-1: DOUBLE (Line Drive, 9D)
Paul Holcomb scores
Arlen Jones to third
Runner from 3rd tries for Home, SAFE, throw made home
Pitching: RHP Alonso Palmeiro
Batting: RHB Lyle Jackson 0-0: Ball
1-0: Ball
2-0: Ball
3-0: Called Strike
3-1: Base on Balls
Batting: SHB Jorge Maldonado 0-0: SINGLE (Line Drive, 4MD)
Jesús Miranda to third
Lyle Jackson to second
Runner from 3rd tries for Home, SAFE, no throw
Pinch Hitting: LHB Will O'Dell 0-0: Foul Ball, location: 2F
0-1: Ball
1-1: Ball
2-1: Called Strike
2-2: Ball
3-2: Foul Ball, location: 2F
3-2: Fly out, F3 (Line Drive, 34)
Lined into DP, U3 (Line Drive, 34)
Batting: LHB José Esparza 0-0: Ball
1-0: Called Strike
1-1: Foul Ball, location: 2F
1-2: Ball
2-2: Ball
3-2: Base on Balls
Batting: LHB Carl Hayden 0-0: Swinging Strike
0-1: Ball
1-1: Foul Ball, location: 2F
1-2: SINGLE (Groundball, 56D)
Lyle Jackson to third
José Esparza to second
Runner from 3rd tries for Home, SAFE, no throw
Batting: LHB Oliver Cruz 0-0: Called Strike
0-1: Foul Ball, location: 2F
0-2: Ball
1-2: Foul Ball, location: 2F
1-2: Foul Ball, location: 2F
1-2: Fielders Choice at 2nd, 4-6 (Groundball, 4)
Top of the 8th over - 4 run(s), 5 hit(s), 0 error(s), 1 left on base; Rancho Cucamonga 15 - Pueblo 4
BOTTOM OF THE 8TH
Pueblo Prairie Dogs batting - Pitching for Rancho Cucamonga Sick Monkeys : RHP Héctor Fabián
Now at 1B: Roberto Quiñones
Now at 3B: Júlio García
Now in CF: Will O'Dell
Pinch Hitting: RHB John Newman 0-0: Swinging Strike
0-1: Ball
1-1: Foul Ball, location: 2F
1-2: Fly out, F2 (Popup, 25)
Batting: RHB Steve Murphy 0-0: Swinging Strike
0-1: Swinging Strike
0-2: Strikes out looking
Batting: RHB Dan Crowder 0-0: SINGLE (Flyball, 89S)
Batting: SHB Pancho Morán 0-0: Ball
1-0: Foul Ball, location: 2F
1-1: Swinging Strike
1-2: Fly out, F9 (Flyball, 89S)
Bottom of the 8th over - 0 run(s), 1 hit(s), 0 error(s), 1 left on base; Rancho Cucamonga 15 - Pueblo 4
TOP OF THE 9TH
Rancho Cucamonga Sick Monkeys batting - Pitching for Pueblo Prairie Dogs : RHP Alonso Palmeiro
Now at SS: John Newman
Batting: LHB Paul Holcomb 0-0: Called Strike
0-1: Foul Ball, location: 2F
0-2: Ball
1-2: Ball
2-2: Ball
3-2: Strikes out looking
Batting: RHB Arlen Jones 0-0: Ball
1-0: Ground out 6-3 (Groundball, 6)
Batting: LHB Jesús Miranda 0-0: Fly out, F7 (Line Drive, 7)
Top of the 9th over - 0 run(s), 0 hit(s), 0 error(s), 0 left on base; Rancho Cucamonga 15 - Pueblo 4
BOTTOM OF THE 9TH
Pueblo Prairie Dogs batting - Pitching for Rancho Cucamonga Sick Monkeys : RHP Héctor Fabián
Now at C: Jesús Ríos
Batting: RHB José Zumaya 0-0: Called Strike
0-1: Ball
1-1: SINGLE (Line Drive, 8LS)
Batting: RHB Clancy Castro 0-0: Called Strike
0-1: Foul Ball, location: 2F
0-2: Strikes out looking
Pinch Hitting: RHB Carlos Villagrama 0-0: Fly out, F7 (Flyball, 78M)
Batting: RHB Danny Boykins 0-0: SINGLE (Groundball, 6MD)
José Zumaya to second
Batting: RHB Eric Barthorpe 0-0: Ball
1-0: Ball
2-0: Fly out, F8 (Flyball, 8RXD)
Bottom of the 9th over - 0 run(s), 2 hit(s), 0 error(s), 2 left on base; Rancho Cucamonga 15 - Pueblo 4
Tuesday, August 8th, 2017 - OOTP Baseball 17.12 Build 75